 Dungeon Crawl Stone Soup version 0.20.2-3-g29329e0561 (webtiles) character file.

100 Alfie the Skirmisher (level 4, -1/40 HPs)
             Began as a Hill Orc Fighter on Apr 4, 2024.
             Slain by Purgy (3 damage)
             ... in a sewer on Apr 8, 2024.
             The game lasted 00:05:26 (1759 turns).

Alfie the Skirmisher (Hill Orc Fighter)             Turns: 1759, Time: 00:05:27

Health: -1/40      AC:  7    Str: 19    XL:     4   Next: 74%
Magic:  4/4        EV:  7    Int:  8    God:
Gold:   149        SH:  9    Dex: 10    Spells: 3/3 levels left

rFire    . . .     SeeInvis .   a - +0 rapier
rCold    . . .     Gourm    .   c - +0 shield
rNeg     . . .     Faith    .   b - +0 scale mail
rPois    .         Spirit   .   (no helmet)
rElec    .         Reflect  .   (no cloak)
rCorr    .         Harm     .   (no gloves)
MR       .....                  (no boots)
Stlth    ..........             (no amulet)
Regen    0.2/turn               (no ring)
MPRegen  0.1/turn               (no ring)

@: very slow
A: no striking features
a: no special abilities


You were in a sewer.
You were not hungry.

You visited 1 branch of the dungeon, and saw 3 of its levels.
You also visited: Sewer.

You collected 149 gold pieces.

Inventory:

Hand Weapons
 a - a +0 rapier (weapon)
Armour
 b - a +0 scale mail (worn)
 c - a +0 shield (worn)
Scrolls
 i - 3 scrolls of remove curse {unknown}
 l - 3 scrolls of recharging {unknown}
 n - a scroll of amnesia
Potions
 d - 2 potions of might
 e - a potion of brilliance {unknown}
 g - 2 potions of lignification {unknown}
 h - a potion of cancellation {unknown}
 k - a potion of agility {unknown}
 p - 2 potions of curing {unknown}
 q - 2 potions of mutation {unknown}
 r - a potion of heal wounds {unknown}
Books
 o - a book of the Tempests

   Spells                             Type                      Level
   a - Static Discharge               Conjuration/Air              3
   b - Lightning Bolt                 Conjuration/Air              5
   c - Ignition                       Fire                         8
   d - Tornado                        Air                          9
   e - Shatter                        Earth                        9
Comestibles
 f - 4 bread rations
 j - 3 fruits
 m - a meat ration


   Skills:
 + Level 4.2 Fighting
 + Level 2.7 Short Blades
 + Level 3.9 Armour
 + Level 1.0 Dodging
 + Level 0.3 Stealth
 + Level 4.1 Shields


You had 3 spell levels left.
You didn't know any spells.

Dungeon Overview and Level Annotations

Branches:
Dungeon (3/15)

Altars:
Uskayaw
The Shining One

Annotations:
Sewer Purgy


Message History

Purgy bites you.
* * * LOW HITPOINT WARNING * * *
Purgy claws you but does no damage. x2
Your unstable footing causes you to fumble your attack.
Purgy barely misses you. Purgy closely misses you. You block Purgy's attack.
You completely miss Purgy. Purgy barely misses you. x2
Purgy claws you but does no damage.
Your unstable footing causes you to fumble your attack.
Purgy closely misses you. Purgy completely misses you. Purgy claws you.
* * * LOW HITPOINT WARNING * * *
You closely miss Purgy. Purgy bites you.
* * * LOW HITPOINT WARNING * * *
Purgy barely misses you. x2
Your shield prevents you from hitting Purgy.
You block Purgy's attack. Purgy claws you.
* * * LOW HITPOINT WARNING * * *
You block Purgy's attack.
Your unstable footing causes you to fumble your attack.
Purgy bites you.
You die...

##≈≈≈≈≈≈≈≈# #≈
#≈≈≈≈≈≈≈≈≈# #≈
##≈≈≈≈≈≈≈≈## #≈
##≈≈≈≈≈≈≈≈≈≈# #.
#..≈≈≈≈≈≈≈≈≈# #≈
#.≈≈≈≈≈≈≈≈≈≈≈ #.
##≈≈≈≈≈≈≈≈≈≈≈
###≈####.≈≈≈≈≈≈≈≈#≈#
#≈≈≈T@≈.≈≈≈≈≈≈≈≈≈#
≈≈≈≈≈≈≈≈≈≈≈≈≈≈≈≈≈≈≈##
≈≈≈≈≈≈≈≈≈≈≈≈≈≈≈≈≈≈##
≈≈≈≈≈≈≈≈≈≈≈≈≈≈≈≈≈##
≈≈≈≈≈≈≈≈≈≈≈≈≈≈≈≈##
≈≈≈≈≈≈≈≈≈≈≈≈≈≈≈##
≈≈≈≈≈≈≈≈≈≈≈≈≈≈≈#
≈≈≈≈≈≈≈≈≈≈≈≈≈###


You could see Purgy.

Vanquished Creatures
  2 adders
  An ooze (D:3)
  A worm (D:3)
  2 dart slugs
  4 leopard geckos (D:3)
  An orc (D:2)
  2 ball pythons
  4 giant cockroaches
  5 goblins
  4 hobgoblins
  7 jackals
  2 quokkas (D:3)
  9 bats
  10 frilled lizards
  6 kobolds
  8 rats
68 creatures vanquished.

Notes
Turn   | Place    | Note
-------+----------+-------------------------------------------
     0 | D:1      | Alfie the Hill Orc Fighter began the quest for the Orb.
     0 | D:1      | Reached XP level 1. HP: 19/19 MP: 1/1
   165 | D:1      | Reached XP level 2. HP: 27/27 MP: 2/2
   481 | D:1      | Reached XP level 3. HP: 33/33 MP: 3/3
   783 | D:2      | Found a hide-covered altar of Uskayaw.
   915 | D:2      | Found a glowing golden altar of the Shining One.
   991 | D:2      | Found a faded altar of an unknown god.
  1427 | D:3      | Reached XP level 4. HP: 33/40 MP: 4/4
  1514 | D:3      | Reached skill level 1 in Dodging
  1645 | D:3      | Found a glowing drain.
  1696 | Sewer    | Entered a sewer
  1738 | Sewer    | Noticed Purgy
  1758 | Sewer    | HP: 2/40 [Purgy (3)]
  1759 | Sewer    | Slain by Purgy

Skill      XL: |  1  2  3  4 |
---------------+-------------+-----
Fighting       | 4 |  4.2
Shields        | 4 |  4.1
Dodging        | 1 |  1.0
Short Blades   | |  2.7
Armour         | |  3.9
Stealth        | |  0.3

Action                   |  1- 3 |  4- 6 || total
-------------------------+-------+-------++-------
Melee: Rapier            |   161 |   108 ||   269
  Use: Scroll            |     3 |       ||     3
  Eat: Royal jelly       |     1 |       ||     1
       Bread ration      |       |     1 ||     1
Armor: Scale mail        |    89 |    78 ||   167
Dodge: Dodged            |    57 |    63 ||   120
Block: Shield            |   100 |    83 ||   183
